 Dungeon Crawl Stone Soup version 0.27-a0-808-g60bc5d92e6 (webtiles) character file.

Game seed: 15149498014688412169

153 Hasart the Magician (level 5, 0/38 HPs)
             Began as a Djinni Ice Elementalist on Mar 28, 2021.
             Slain by an adder (2 damage)
             ... in a sewer.
             The game lasted 00:04:17 (2773 turns).

Hasart the Magician (Djinni Ice Elementalist)       Turns: 2773, Time: 00:04:17

Health: 0/38       AC:  3    Str:  7    XL:     5   Next: 35%
Gold:   86         EV: 13    Int: 18    God:
                   SH:  0    Dex: 13

rFire    + + .     SeeInvis .   e - +2 dagger (freeze)
rCold    x . .     Faith    .   (no shield)
rNeg     + . .     Spirit   .   a - +0 robe
rPois    ∞         Reflect  .   o - +0 helmet
rElec    .         Harm     .   (no cloak)
rCorr    .         Rampage  .   (no gloves)
Will     .....                  (boots unavailable)
Stlth    ++........             (no amulet)
HPRegen  0.12/turn              c - ring of positive energy
MPRegen  0.00/turn              (no ring)

@: flying, very slightly contaminated
A: fire resistance 2, cold vulnerability 1, float, innate caster, hp casting,
extra vitality 1
a: no special abilities


You were in a sewer.
You visited 1 branch of the dungeon, and saw 3 of its levels.
You also visited: Sewer.

You collected 86 gold pieces.

Inventory:

Hand Weapons
 e - a +2 dagger of freezing (weapon)
Armour
 a - a +0 robe (worn)
 o - a +0 helmet (worn)
Jewellery
 c - a ring of positive energy (left hand)
 j - a ring of poison resistance
Wands
 l - a wand of iceblast (8)
Scrolls
 b - a scroll of holy word {unknown}
 d - 2 scrolls of magic mapping {unknown}
 f - a scroll of fog {unknown}
 g - 4 scrolls of identify {unknown}
 n - a scroll of noise {unknown}
Potions
 h - a potion of invisibility {unknown}
 i - a potion of brilliance {unknown}
 k - a potion of curing {unknown}
 m - 3 potions of lignification {unknown}


   Skills:
 + Level 2.1 Fighting
 + Level 3.4 Dodging
 - Level 1.5 Stealth
 * Level 4.7 Spellcasting


You couldn't memorise any spells.
You knew the following spells:

 Your Spells              Type           Power      Damage    Failure   Level
a - Freeze                Ice            84%        1d10      1%          1
b - Frozen Ramparts       Ice            42%        1d6       6%          3
c - Ozocubu's Armour      Ice            21%        N/A       6%          3
d - Hailstorm             Conj/Ice       21%        3d6       21%         4
e - Summon Ice Beast      Ice/Summ       21%        N/A       21%         4
f - Corona                Hex            23%        N/A       1%          1
g - Corpse Rot            Necr/Air       N/A        N/A       3%          2
Your spell library was empty.

Dungeon Overview and Level Annotations

Branches:
Dungeon (3/15)              Sewer (1/1)

Altars:


Innate Abilities, Weirdness & Mutations

You are immune to poison.
Your flesh is very heat resistant. (rF++)
You are vulnerable to cold. (rC-)
You float through the air rather than walking.
You learn spells naturally, not from books.
Your magical power is your life essence.
You have superior vitality. (+4 HP)


Message History

Unknown command.
Casting: Freeze (safe; 1% risk of failure)
Confirm with . or Enter, or press ? or * to list all spells.
Aiming: Freeze (safe; 1% risk of failure)
Press: ? - help, Shift-Dir - straight line, f - adder
Aim: an adder You freeze the adder.
The adder is moderately wounded.
The adder hisses angrily.
The adder bites you. The quokka closely misses you.
The adder closely misses you.
Unknown command.
Casting: Freeze (safe; 1% risk of failure)
Confirm with . or Enter, or press ? or * to list all spells.
Casting: Frozen Ramparts (dangerous; 6% risk of failure)
Press: ? - help, Dir - look around, f - activate You miscast Frozen Ramparts.
You are very lightly contaminated with residual magic.
Nothing appears to happen.
* * * LOW HITPOINT WARNING * * *
The adder bites you.
* * * LOW HITPOINT WARNING * * *
The adder closely misses you. The quokka bites you.
* * * LOW HITPOINT WARNING * * *
The adder bites you.
* * * LOW HITPOINT WARNING * * *
Unknown command.
Unknown command.
Unknown command.
Unknown command.
Unknown command.
Casting: Frozen Ramparts (dangerous; 6% risk of failure)
Confirm with . or Enter, or press ? or * to list all spells.
You don't have enough health to cast this spell.
There are monsters nearby!
Unknown command.
Unknown command.
The quokka bites you but does no damage.
The adder bites you.
You die...

#########
≈≈≈≈..≈S#####
≈.≈≈≈≈≈SSr∩.###
#########@...≈#
####.≈∩# ####


You could see 3 adders and a quokka.

Vanquished Creatures
  An orc priest (D:3)
  Ijyb (D:3)
  3 adders
  2 river rats (D:3)
  A worm (D:3)
  A dart slug (D:1)
  4 orcs (D:3)
  5 bats
  4 endoplasms
  4 giant cockroaches
  4 goblins
  A hobgoblin (D:2)
  2 quokkas
  8 ball pythons
  2 kobolds (D:2)
  5 rats
48 creatures vanquished.

Notes
Turn   | Place    | Note
-------+----------+-------------------------------------------
     0 | D:1      | Hasart the Djinni Ice Elementalist began the quest for the
                  | Orb.
     0 | D:1      | Reached XP level 1. HP: 15/15 MP: 0/0
   190 | D:1      | Reached XP level 2. HP: 15/22 MP: 0/0
  1174 | D:2      | Reached skill level 1 in Fighting
  1174 | D:2      | Reached skill level 4 in Spellcasting
  1223 | D:2      | Reached XP level 3. HP: 26/27 MP: 0/0
  1223 | D:2      | Learned a level 1 spell: Corona
  2101 | D:3      | Reached XP level 4. HP: 7/33 MP: 0/0
  2457 | D:3      | Noticed Ijyb
  2464 | D:3      | Killed Ijyb
  2602 | D:3      | Reached XP level 5. HP: 33/38 MP: 0/0
  2602 | D:3      | Learned a level 2 spell: Corpse Rot
  2757 | D:3      | Found a glowing drain.
  2764 | Sewer    | Entered a sewer
  2773 | Sewer    | Slain by an adder

Illustrated notes

Levels and vault maps discovered:
D:1:      minmay_arrival_five_plusses, layout_rooms
D:2:      layout_loops_ring
D:3:      layout_rooms, serial_corexii_hall, corexii_hall_statues_t,
          chequers_hall_statues_wall_a, gup_sewer_entry_bubbles, uniq_ijyb
Sewer:    sewer_frog_island_02

Skill      XL: |  1  2  3  4 |
---------------+-------------+-----
Fighting       | 1 2 |  2.1
Spellcasting   | 4 |  4.7
Dodging        | 3 |  3.4
Stealth        | |  1.5

Action                   |  1- 3 |  4- 6 || total
-------------------------+-------+-------++-------
Melee: Staff             |     1 |       ||     1
       Dagger            |    17 |     5 ||    22
 Cast: Freeze            |    42 |    27 ||    69
       Frozen Ramparts   |     1 |       ||     1
       Corpse Rot        |       |     1 ||     1
 Stab: Sleeping          |     1 |     1 ||     2
Armor: Robe              |    11 |     7 ||    18
Dodge: Dodged            |    33 |    25 ||    58

Table legend: (Time is in decaauts)
 A = Elapsed time spent in this place.
 B = Non-inter-level travel time spent in this place.
 C = Inter-level travel time spent in this place.
 D = Time resting spent in this place.
 E = Time spent auto-exploring this place.
 F = Levels seen in this place.
 G = Mean time per level.
                   A        B        C        D        E       F      G
               +--------+--------+--------+--------+--------+-----+--------+
         Total |   2771 |   2726 |     45 |    123 |   2223 |   4 |  692.8 |
       Dungeon |   2762 |   2717 |     45 |    123 |   2223 |   3 |  920.7 |
         Sewer |      8 |      8 |      0 |      0 |      0 |   1 |    8.0 |
               +--------+--------+--------+--------+--------+-----+--------+

Top non-repeatable levels by time:
     D:2: 1046 daAuts
     D:1: 1027 daAuts
     D:3: 687 daAuts
   Sewer: 8 daAuts
